 Dungeon Crawl Stone Soup version 0.22-a0-355-g201945fe43 (webtiles) character file.

10134 KleinerIrrer the Cleaver (level 11, -14/104 HPs)
             Began as a Naga Fighter on Apr 18, 2018.
             Was a High Priest of Okawaru.
             Splashed by an oklob plant's acid (16 damage)
             ... on level 2 of the Lair of Beasts.
             The game lasted 00:03:57 (9279 turns).

KleinerIrrer the Cleaver (Naga Fighter)             Turns: 9279, Time: 00:03:57

Health: -14/104    AC: 10    Str: 22    XL:     11   Next: 57%
Magic:  9/16       EV:  7    Int:  8    God:    Okawaru [*****.]
Gold:   560        SH: 11    Dex: 11    Spells: 10/10 levels left

rFire    . . .     SeeInvis +   Y - +1 war axe (drain)
rCold    . . .     Gourm    .   c - +0 shield
rNeg     . . .     Faith    .   k - +2 plate armour
rPois    +         Spirit   .   (no helmet)
rElec    .         Reflect  .   (no cloak)
rCorr    .         Harm     .   h - +2 pair of gloves
MR       +....                  (no barding)
Stlth    ..........             (no amulet)
HPRegen  0.27/turn              (no ring)
MPRegen  0.15/turn              (no ring)

@: about to teleport, heroism, finesse, corroded, very slow
A: large, see invisible, deformed body, poison resistance, slowness 2, slow
metabolism 1, spit poison 1, AC +3
a: Spit Poison, Heroism, Finesse, Renounce Religion


You were on level 2 of the Lair of Beasts.
You worshipped Okawaru.
Okawaru was extremely pleased with you.
You were not hungry.

You visited 3 branches of the dungeon, and saw 11 of its levels.

You collected 560 gold pieces.


Innate Abilities, Weirdness & Mutations

You cannot wear boots.
Your serpentine skin is tough. (AC +3)
You have supernaturally acute eyesight. (SInv)
Armour fits poorly on your strangely shaped body.
Your system is resistant to poisons. (rPois)
You cover ground very slowly.
You have a slow metabolism.
You can spit poison.


   Skills:
 - Level 8.4(13.4) Fighting
 - Level 13.0(18.0) Axes
 + Level 4.6(9.6) Armour
 - Level 2.3(7.3) Dodging
 - Level 2.4(7.4) Shields
 + Level 7.9 Invocations


You had 10 spell levels left.
You didn't know any spells.

Inventory:

Hand Weapons
 n - a +0 morningstar
 r - a +0 dire flail
 s - a +0 war axe
 Y - a +1 war axe of draining (weapon)
Missiles
 g - 3 tomahawks (quivered)
Armour
 c - a +0 shield (worn)
 h - a +2 pair of gloves (worn)
 k - a +2 plate armour (worn)
Wands
 t - a wand of digging (15)
Scrolls
 a - 5 scrolls of identify
 i - 3 scrolls of teleportation
 j - 2 scrolls of remove curse
Potions
 d - 4 potions of might
 f - 3 potions of curing
 l - a potion of haste
 o - 3 potions of heal wounds
 q - a potion of mutation
Comestibles
 b - 15 chunks of flesh
 e - 19 rations

Dungeon Overview and Level Annotations

Branches:
Dungeon (8/15)             Temple (1/1) D:5            Lair (2/6) D:8
  Swamp: Lair:2-4    Shoals: Lair:2-4     Snake: Lair:2-4    Spider: Lair:2-4

Altars:
Ashenzari
Cheibriados
Dithmenos
Elyvilon
Fedhas
Gozag
Hepliaklqana
Kikubaaqudgha
Makhleb
Nemelex Xobeh
Okawaru
Qazlal
Ru
Sif Muna
Trog
Uskayaw
Vehumet
Wu Jian
Xom
Yredelemnul
Zin


Message History

The oklob plant spits acid at you. The splash of acid misses you.
The splash of acid hits the plant.
The plant is splashed with acid.
The acid corrodes the plant!
You hit the oklob plant but do no damage.
You hit the plant but do no damage. x2
You hit the oklob plant.
The oklob plant is lightly damaged.
You slash the plant!
You destroy the plant!
You hit the plant. The oklob plant spits acid at you.
The splash of acid hits you! The acid corrodes you!
You are splashed with acid!
The acid burns!
9279 ||| READING 4 scrolls of teleportation.
As you read the scroll of teleportation, it crumbles to dust.
You feel strangely unstable. The oklob plant spits acid at you.
The splash of acid hits you! The acid corrodes you!
You are splashed with acid!
The acid burns!
You die...

.......P.........##
#.....#.......#..P#
##.....#.....##...#
##.....###+..##..P#
##.....#P..#.##..##
.#.............#######
#..............P.:"..#
...............PP.P..#
................@$.[P#
.................$P..#
..................).$#
..............(#######
..#...............##
...#.....#.#.##....#
...#.....###.#....##
........#.......%##
...#... ##....##.#


You could see 4 oklob plants.

Vanquished Creatures
  Sonja (Lair:1)
  A black mamba (Lair:2)
  2 spiny frogs (Lair:1)
  A komodo dragon (D:8)
  5 blink frogs
  3 hippogriffs
  19 yaks
  A basilisk (Lair:1)
  The ghost of KleinerIrrer the Stinger, an amateur NaVM (D:3)
  6 water moccasins
  2 porcupines
  2 ice beasts
  An orc warrior (D:6)
  A phantom (D:5)
  3 sky beasts (D:5)
  An eye of draining (D:8)
  5 ogres
  A black bear (D:8)
  6 crocodiles
  4 bullfrogs
  A big kobold (D:7)
  A gnoll sergeant (D:5)
  2 scorpions
  A howler monkey (D:4)
  A bullfrog zombie (D:5)
  A centaur zombie (D:7)
  3 crimson imps
  A jelly (D:5)
  4 orc wizards
  2 orc priests
  A centaur skeleton (D:5)
  5 hounds
  2 bullfrog skeletons
  2 iguanas
  5 worker ants
  A hound zombie (D:7)
  2 hound skeletons
  4 gnolls (D:5)
  4 adders
  2 shadow imps
  An adder skeleton (D:8)
  A worm (D:2)
  4 leopard geckos
  19 orcs
  5 giant cockroaches
  6 goblins
  2 hobgoblins
  10 jackals
  3 quokkas
  2 ball pythons
  2 bats
  4 frilled lizards
  8 kobolds
  A quokka skeleton (D:4)
  10 rats
  A fungus (Lair:2)
  5 plants
195 creatures vanquished.

Vanquished Creatures (others)
  4 fungi
  4 plants
8 creatures vanquished.

Grand Total: 203 creatures vanquished

Notes
Turn   | Place    | Note
-------+----------+-------------------------------------------
     0 | D:1      | KleinerIrrer the Naga Fighter began the quest for the Orb.
     0 | D:1      | Reached XP level 1. HP: 21/21 MP: 1/1
     0 | D:1      | 0 ||| counter = 4
    72 | D:1      | 72 ||| INVOKING Spit Poison.
   230 | D:1      | 230 ||| INVOKING Spit Poison.
   231 | D:1      | 231 ||| INVOKING Spit Poison.
   234 | D:1      | 234 ||| INVOKING Spit Poison.
   259 | D:1      | 259 ||| INVOKING Spit Poison.
   280 | D:1      | 280 ||| INVOKING Spit Poison.
   281 | D:1      | 281 ||| INVOKING Spit Poison.
   282 | D:1      | 282 ||| INVOKING Spit Poison.
   290 | D:1      | Reached XP level 2. HP: 26/28 MP: 2/2
   329 | D:1      | 329 ||| INVOKING Spit Poison.
   339 | D:1      | 339 ||| DROPPING club.
   421 | D:1      | 421 ||| INVOKING Spit Poison.
   493 | D:1      | 493 ||| INVOKING Spit Poison.
   665 | D:1      | 665 ||| INVOKING Spit Poison.
   742 | D:1      | 742 ||| READING scroll labeled BIFI BOILUGEA.
   743 | D:1      | 743 ||| READING scroll labeled SATYEJ XAHEKUWUH.
   744 | D:1      | 744 ||| READING scroll labeled GIURYSH XA NIO.
   804 | D:2      | 804 ||| INVOKING Spit Poison.
   807 | D:2      | 807 ||| INVOKING Spit Poison.
   816 | D:2      | Reached skill level 3 in Axes
   835 | D:2      | 835 ||| INVOKING Spit Poison.
   836 | D:2      | 836 ||| INVOKING Spit Poison.
   840 | D:2      | 840 ||| INVOKING Spit Poison.
   865 | D:2      | 865 ||| INVOKING Spit Poison.
   866 | D:2      | 866 ||| INVOKING Spit Poison.
   871 | D:2      | 871 ||| INVOKING Spit Poison.
   947 | D:2      | 947 ||| INVOKING Spit Poison.
   958 | D:2      | 958 ||| INVOKING Spit Poison.
   961 | D:2      | 961 ||| INVOKING Spit Poison.
   961 | D:2      | Reached XP level 3. HP: 34/34 MP: 3/3
   965 | D:2      | 965 ||| INVOKING Spit Poison.
   975 | D:2      | 975 ||| INVOKING Spit Poison.
   976 | D:2      | 976 ||| INVOKING Spit Poison.
  1037 | D:2      | 1037 ||| INVOKING Spit Poison.
  1038 | D:2      | 1038 ||| INVOKING Spit Poison.
  1080 | D:2      | Reached skill level 4 in Axes
  1500 | D:2      | 1500 ||| INVOKING Spit Poison.
  1511 | D:2      | Reached XP level 4. HP: 27/42 MP: 4/4
  1668 | D:2      | 1668 ||| INVOKING Spit Poison.
  1837 | D:2      | 1837 ||| INVOKING Spit Poison.
  1841 | D:2      | Reached skill level 5 in Axes
  1841 | D:2      | Reached XP level 5. HP: 40/49 MP: 5/5
  1935 | D:2      | 1935 ||| UPGRADING to pair of gloves.
  1940 | D:2      | 1940 ||| UPGRADING to pair of runed gloves.
  1950 | D:2      | 1950 ||| DROPPING +0 pair of gloves.
  1951 | D:2      | 1951 ||| READING scroll labeled VEBIEPLIAFI.
  1952 | D:2      | 1952 ||| READING scroll labeled DIRODD NUOCIXA.
  2008 | D:3      | Noticed KleinerIrrer's ghost (amateur NaVM)
  2011 | D:3      | 2011 ||| INVOKING Spit Poison.
  2030 | D:3      | Killed KleinerIrrer's ghost
  2030 | D:3      | Reached skill level 6 in Axes
  2030 | D:3      | Reached XP level 6. HP: 35/56 MP: 6/6
  2183 | D:3      | Found a basalt altar of Yredelemnul.
  2183 | D:3      | Found a blossoming altar of Fedhas.
  2184 | D:3      | 2184 ||| INVOKING Spit Poison.
  2189 | D:3      | 2189 ||| INVOKING Spit Poison.
  2250 | D:3      | 2250 ||| INVOKING Spit Poison.
  2254 | D:3      | 2254 ||| INVOKING Spit Poison.
  2255 | D:3      | 2255 ||| INVOKING Spit Poison.
  2416 | D:3      | 2416 ||| INVOKING Spit Poison.
  2417 | D:3      | 2417 ||| INVOKING Spit Poison.
  2428 | D:3      | 2428 ||| INVOKING Spit Poison.
  2490 | D:3      | 2490 ||| READING scroll labeled ANUYPO XYWOKH.
  2491 | D:3      | 2491 ||| READING scroll labeled VIUJANECZA.
  2492 | D:3      | 2492 ||| READING scroll labeled PAACKI GUD RUC.
  2493 | D:3      | 2493 ||| READING 3 scrolls of identify.
  2493 | D:3      | 2493 ||| IDENTIFYING fuming pink potion
  2494 | D:3      | 2494 ||| READING 2 scrolls of identify.
  2494 | D:3      | 2494 ||| IDENTIFYING fuming black potion
  2495 | D:3      | 2495 ||| DROPPING potion of magic.
  2515 | D:4      | 2515 ||| INVOKING Spit Poison.
  2519 | D:4      | 2519 ||| INVOKING Spit Poison.
  2542 | D:4      | Reached skill level 1 in Dodging
  2549 | D:4      | 2549 ||| INVOKING Spit Poison.
  2682 | D:4      | 2682 ||| INVOKING Spit Poison.
  2766 | D:4      | 2766 ||| INVOKING Spit Poison.
  2767 | D:4      | 2767 ||| INVOKING Spit Poison.
  3002 | D:4      | 3002 ||| DROPPING whip.
  3027 | D:4      | 3027 ||| UPGRADING to morningstar.
  3028 | D:4      | 3028 ||| SWAPPING to +0 war axe.
  3059 | D:4      | 3059 ||| SWAPPING to glowing war axe.
  3345 | D:4      | 3345 ||| EATING 4 rations.
  3380 | D:4      | 3380 ||| INVOKING Spit Poison.
  3385 | D:4      | Reached skill level 7 in Axes
  3385 | D:4      | Reached XP level 7. HP: 51/62 MP: 7/7
  3482 | D:4      | Found a burning altar of Makhleb.
  3483 | D:4      | 3483 ||| INVOKING Spit Poison.
  3512 | D:4      | 3512 ||| UPGRADING to plate armour.
  3522 | D:4      | 3522 ||| DROPPING +0 scale mail.
  3523 | D:4      | 3523 ||| DROPPING chain mail.
  3559 | D:5      | Entered Level 5 of the Dungeon
  3563 | D:5      | 3563 ||| STAIRDANCE
  3746 | D:5      | 3746 ||| INVOKING Spit Poison.
  3747 | D:5      | 3747 ||| INVOKING Spit Poison.
  3759 | D:5      | Reached skill level 8 in Axes
  3812 | D:5      | Found a staircase to the Ecumenical Temple.
  3823 | Temple   | Entered the Ecumenical Temple
  3824 | Temple   | 3824 ||| Entered T.
  3933 | Temple   | Became a worshipper of Warmaster Okawaru
  4006 | D:5      | 4006 ||| INVOKING Spit Poison.
  4035 | D:5      | 4035 ||| INVOKING Spit Poison.
  4036 | D:5      | 4036 ||| INVOKING Spit Poison.
  4134 | D:5      | Reached XP level 8. HP: 61/72 MP: 8/8
  4194 | D:5      | 4194 ||| INVOKING Spit Poison.
  4199 | D:5      | 4199 ||| INVOKING Spit Poison.
  4243 | D:5      | 4243 ||| INVOKING Spit Poison.
  4452 | D:5      | Reached skill level 9 in Axes
  4490 | D:5      | 4490 ||| INVOKING Spit Poison.
  4491 | D:5      | 4491 ||| INVOKING Spit Poison.
  4494 | D:5      | Reached * piety under Okawaru
  4535 | D:5      | Reached skill level 1 in Invocations
  4731 | D:5      | 4731 ||| DRINKING 2 cyan potions.
  4912 | D:6      | 4912 ||| INVOKING Spit Poison.
  4914 | D:6      | 4914 ||| INVOKING Heroism.
  4917 | D:6      | Reached skill level 3 in Armour
  4940 | D:6      | 4940 ||| INVOKING Spit Poison.
  4943 | D:6      | Reached skill level 3 in Invocations
  4991 | D:6      | 4991 ||| INVOKING Spit Poison.
  4992 | D:6      | 4992 ||| INVOKING Spit Poison.
  5050 | D:6      | 5050 ||| INVOKING Spit Poison.
  5138 | D:6      | Found a glowing silver altar of Zin.
  5259 | D:6      | 5259 ||| READING scroll of enchant armour.
  5259 | D:6      | 5259 ||| ENCHANTING +1 pair of gloves.
  5282 | D:6      | 5282 ||| READING scroll labeled HOETUPTEDAO.
  5283 | D:6      | 5283 ||| READING 3 scrolls of identify.
  5283 | D:6      | 5283 ||| IDENTIFYING bubbling pink potion
  5284 | D:6      | 5284 ||| READING 2 scrolls of identify.
  5284 | D:6      | 5284 ||| IDENTIFYING sedimented dark potion
  5285 | D:6      | 5285 ||| DROPPING potion of lignification.
  5286 | D:6      | 5286 ||| DROPPING potion of flight.
  5358 | D:7      | 5358 ||| INVOKING Spit Poison.
  5383 | D:7      | 5383 ||| INVOKING Spit Poison.
  5404 | D:7      | 5404 ||| INVOKING Spit Poison.
  5410 | D:7      | Reached XP level 9. HP: 79/81 MP: 11/11
  5449 | D:7      | 5449 ||| INVOKING Spit Poison.
  5450 | D:7      | 5450 ||| INVOKING Spit Poison.
  5556 | D:7      | 5556 ||| INVOKING Spit Poison.
  5557 | D:7      | 5557 ||| INVOKING Spit Poison.
  5568 | D:7      | Reached ** piety under Okawaru
  5631 | D:7      | Reached skill level 10 in Axes
  5671 | D:7      | 5671 ||| INVOKING Spit Poison.
  5675 | D:7      | 5675 ||| INVOKING Heroism.
  5702 | D:7      | Found a hide-covered altar of Uskayaw.
  5836 | D:7      | 5836 ||| INVOKING Heroism.
  5837 | D:7      | 5837 ||| INVOKING Spit Poison.
  5993 | D:7      | 5993 ||| INVOKING Spit Poison.
  5993 | D:7      | Reached skill level 6 in Fighting
  6108 | D:7      | 6108 ||| INVOKING Spit Poison.
  6120 | D:7      | 6120 ||| UPGRADING to glowing scale mail.
  6130 | D:7      | 6130 ||| UPGRADING to +0 plate armour.
  6140 | D:7      | 6140 ||| DROPPING +0 scale mail of cold resistance.
  6185 | D:8      | 6185 ||| INVOKING Heroism.
  6186 | D:8      | 6186 ||| INVOKING Spit Poison.
  6217 | D:8      | 6217 ||| INVOKING Spit Poison.
  6218 | D:8      | 6218 ||| INVOKING Spit Poison.
  6229 | D:8      | 6229 ||| INVOKING Spit Poison.
  6233 | D:8      | 6233 ||| INVOKING Heroism.
  6272 | D:8      | 6272 ||| INVOKING Heroism.
  6273 | D:8      | 6273 ||| INVOKING Spit Poison.
  6394 | D:8      | 6394 ||| INVOKING Spit Poison.
  6399 | D:8      | 6399 ||| INVOKING Spit Poison.
  6441 | D:8      | 6441 ||| READING scroll of enchant armour.
  6441 | D:8      | 6441 ||| ENCHANTING +0 plate armour.
  6472 | D:8      | 6472 ||| INVOKING Spit Poison.
  6473 | D:8      | 6473 ||| INVOKING Spit Poison.
  6492 | D:8      | 6492 ||| INVOKING Spit Poison.
  6566 | D:8      | Reached skill level 11 in Axes
  6611 | D:8      | Found a staircase to the Lair.
  6613 | D:8      | Noticed a komodo dragon
  6614 | D:8      | 6614 ||| INVOKING Heroism.
  6615 | D:8      | 6615 ||| INVOKING Spit Poison.
  6616 | D:8      | 6616 ||| INVOKING Spit Poison.
  6617 | D:8      | 6617 ||| INVOKING Spit Poison.
  6618 | D:8      | 6618 ||| INVOKING Spit Poison.
  6619 | D:8      | 6619 ||| INVOKING Spit Poison.
  6620 | D:8      | 6620 ||| INVOKING Spit Poison.
  6621 | D:8      | 6621 ||| INVOKING Spit Poison.
  6622 | D:8      | 6622 ||| INVOKING Spit Poison.
  6623 | D:8      | 6623 ||| INVOKING Spit Poison.
  6624 | D:8      | 6624 ||| INVOKING Spit Poison.
  6634 | D:8      | 6634 ||| INVOKING Heroism.
  6636 | D:8      | Killed a komodo dragon
  6753 | D:8      | 6753 ||| INVOKING Heroism.
  6755 | D:8      | 6755 ||| INVOKING Spit Poison.
  6918 | D:8      | 6918 ||| INVOKING Spit Poison.
  6954 | D:8      | 6954 ||| INVOKING Heroism.
  7147 | D:8      | 7147 ||| UPGRADING to wooden ring.
  7148 | D:8      | 7148 ||| REMOVING +3 ring of intelligence.
  7149 | D:8      | 7149 ||| DROPPING +3 ring of intelligence.
  7150 | D:8      | 7150 ||| READING scroll labeled GYDDYT UNIEK.
  7151 | D:8      | 7151 ||| READING 3 scrolls of identify.
  7151 | D:8      | 7151 ||| IDENTIFYING blue potion
  7152 | D:8      | 7152 ||| READING 2 scrolls of identify.
  7152 | D:8      | 7152 ||| IDENTIFYING pink potion
  7211 | Lair:1   | Entered Level 1 of the Lair of Beasts
  7212 | Lair:1   | 7212 ||| Entered L.
  7240 | Lair:1   | 7240 ||| INVOKING Spit Poison.
  7248 | Lair:1   | Reached XP level 10. HP: 92/92 MP: 13/13
  7254 | Lair:1   | Reached *** piety under Okawaru
  7495 | Lair:1   | Noticed a spiny frog
  7496 | Lair:1   | 7496 ||| INVOKING Heroism.
  7503 | Lair:1   | Killed a spiny frog
  7649 | Lair:1   | 7649 ||| INVOKING Heroism.
  7654 | Lair:1   | Noticed a spiny frog
  7659 | Lair:1   | Reached skill level 12 in Axes
  7672 | Lair:1   | Killed a spiny frog
  7672 | Lair:1   | Reached **** piety under Okawaru
  7737 | Lair:1   | Noticed Sonja
  7738 | Lair:1   | 7738 ||| INVOKING Heroism.
  7746 | Lair:1   | 7746 ||| DRINKING 5 potions of curing.
  7746 | Lair:1   | 7746 ||| (to cure confusion)
  7747 | Lair:1   | 7747 ||| DRINKING 4 potions of curing.
  7747 | Lair:1   | 7747 ||| (to cure confusion)
  7952 | Lair:1   | 7952 ||| INVOKING Spit Poison.
  7953 | Lair:1   | 7953 ||| INVOKING Spit Poison.
  7961 | Lair:1   | 7961 ||| INVOKING Heroism.
  8105 | Lair:1   | 8105 ||| READING scroll of enchant armour.
  8105 | Lair:1   | 8105 ||| ENCHANTING +1 plate armour.
  8131 | Lair:1   | 8131 ||| INVOKING Spit Poison.
  8281 | Lair:1   | 8281 ||| INVOKING Heroism.
  8306 | Lair:1   | 8306 ||| INVOKING Heroism.
  8311 | Lair:1   | Killed Sonja
  8311 | Lair:1   | Reached XP level 11. HP: 96/104 MP: 11/15
  8566 | Lair:1   | 8566 ||| EATING 19 rations.
  8664 | Lair:1   | 8664 ||| DROPPING wand of iceblast (1).
  8671 | Lair:2   | 8671 ||| INVOKING Spit Poison.
  8720 | Lair:2   | 8720 ||| INVOKING Heroism.
  8724 | Lair:2   | Reached skill level 6 in Invocations
  8764 | Lair:2   | 8764 ||| INVOKING Spit Poison.
  8769 | Lair:2   | 8769 ||| STAIRDANCE
  8827 | Lair:2   | 8827 ||| INVOKING Heroism.
  8828 | Lair:2   | 8828 ||| INVOKING Spit Poison.
  8839 | Lair:2   | 8839 ||| INVOKING Spit Poison.
  8846 | Lair:2   | Reached ***** piety under Okawaru
  8849 | Lair:2   | 8849 ||| INVOKING Spit Poison.
  8890 | Lair:2   | 8890 ||| STAIRDANCE
  8941 | Lair:2   | 8941 ||| STAIRDANCE
  8943 | Lair:1   | 8943 ||| INVOKING Heroism.
  8948 | Lair:1   | 8948 ||| INVOKING Spit Poison.
  8984 | Lair:2   | 8984 ||| STAIRDANCE
  9090 | Lair:2   | 9090 ||| INVOKING Spit Poison.
  9099 | Lair:2   | Reached skill level 13 in Axes
  9155 | Lair:2   | 9155 ||| INVOKING Spit Poison.
  9189 | Lair:2   | 9189 ||| INVOKING Spit Poison.
  9223 | Lair:2   | Noticed an oklob plant
  9223 | Lair:2   | Noticed an oklob plant
  9223 | Lair:2   | Noticed an oklob plant
  9223 | Lair:2   | Noticed an oklob plant
  9224 | Lair:2   | 9224 ||| INVOKING Heroism.
  9225 | Lair:2   | 9225 ||| INVOKING Finesse.
  9240 | Lair:2   | 9240 ||| INVOKING Spit Poison.
  9241 | Lair:2   | 9241 ||| INVOKING Spit Poison.
  9256 | Lair:2   | 9256 ||| INVOKING Spit Poison.
  9274 | Lair:2   | 9274 ||| INVOKING Heroism.
  9275 | Lair:2   | 9275 ||| INVOKING Finesse.
  9278 | Lair:2   | HP: 19/104 [oklob plant/splash of acid (14)]
  9278 | Lair:2   | HP: 6/104 [acid (13)]
  9279 | Lair:2   | 9279 ||| READING 4 scrolls of teleportation.
  9279 | Lair:2   | HP: 2/104 [oklob plant/splash of acid (5)]
  9279 | Lair:2   | Splashed by an oklob plant's acid

Vault maps used:
D:1:      saegor_arrival_simple_a
D:3:      chequers_temple_overflow_statue_of_worship
D:4:      lightli_temple_of_fire
D:5:      minmay_temple_entry_fiery, first_ration,
          hangedman_abyss_or_decor_lesser_grid
D:6:      zin_statuary, serial_glass, glass_columns_b, glass_columns_a,
          due_unseen_surprise, feat_on_display, feat_on_display,
          minmay_strange_pillars
D:7:      old_standard_altar
D:8:      david_lair_shrubbed, grunt_ogre_cave
Temple:   eino_temple_scatter_basement
Lair:1:   uniq_sonja
Lair:2:   minmay_lair_oklob_chamber, grunt_megastairs_1, serial_bayou_shore_b

Skill      XL: |  1  2  3  4  5  6  7  8  9 10 11 |
---------------+----------------------------------+-----
Axes           | 3 4 5 6 7 8 9 11 12 13 | 13.0
Dodging        | 1 2 |  2.3
Fighting       | 4 5 6 8 |  8.4
Invocations    | 3 4 5 7 |  7.9
Armour         | 3 4 |  4.6
Shields        | |  2.4

Action                   |  1- 3 |  4- 6 |  7- 9 | 10-12 || total
-------------------------+-------+-------+-------+-------++-------
Melee: War axe           |    64 |    75 |   333 |   177 ||   649
Throw: Javelin           |     1 |    17 |    48 |    15 ||    81
       Tomahawk          |       |       |     5 |     8 ||    13
Invok: Heroism           |       |       |    10 |    11 ||    21
       Finesse           |       |       |       |     2 ||     2
 Abil: Spit Poison       |    22 |    14 |    32 |    13 ||    81
  Use: Scroll            |     3 |     7 |     8 |     2 ||    20
       Potion            |       |       |     1 |     2 ||     3
  Eat: Chunk             |     2 |     5 |    10 |     3 ||    20
       Ration            |       |     1 |       |     1 ||     2
Armor: Scale mail        |    21 |    24 |       |       ||    45
       Plate armour      |       |       |   151 |    84 ||   235
Dodge: Dodged            |    19 |    17 |    19 |    28 ||    83
Block: Shield            |    24 |    23 |   117 |    76 ||   240

Table legend:
 A = Spawn XP
 B = Non-spawn XP
 C = Spawn XP percentage of total XP
 D = Spawn monster count
 E = Non-spawn monster count
 F = Spawn count percentage of total count
 G = Total turns spent on level
                    A         B        C        D         E        F      G
               +---------+---------+-------+---------+---------+-------+---------
         Total |       0 |   14478 |   0.0 |       0 |     189 |   0.0 |  9279
               +---------+---------+-------+---------+---------+-------+---------
           D:1 |       0 |      18 |   0.0 |       0 |      12 |   0.0 |   788
           D:2 |       0 |     149 |   0.0 |       0 |      18 |   0.0 |  1215
           D:3 |       0 |     204 |   0.0 |       0 |      11 |   0.0 |   546
           D:4 |       0 |     393 |   0.0 |       0 |      17 |   0.0 |  1129
           D:5 |       0 |    1013 |   0.0 |       0 |      26 |   0.0 |   935
           D:6 |       0 |     558 |   0.0 |       0 |      13 |   0.0 |   537
           D:7 |       0 |     941 |   0.0 |       0 |      23 |   0.0 |   863
           D:8 |       0 |    1359 |   0.0 |       0 |      22 |   0.0 |  1040
        Lair:1 |       0 |    5394 |   0.0 |       0 |      24 |   0.0 |  1655
        Lair:2 |       0 |    4449 |   0.0 |       0 |      23 |   0.0 |   413
               +---------+---------+-------+---------+---------+-------+---------
